 Dungeon Crawl Stone Soup version 0.32-a0-685-g93135e86f0 (webtiles) character file.

Game seed: 17379567036860636996

107 ytrimaz the Conjurer (level 4, -2/27 HPs)
             Began as an Octopode Conjurer on Mar 12, 2024.
             Slain by an orc
             ... wielding a +0 war axe
              (5 damage)
             ... on level 4 of the Dungeon.
             The game lasted 00:02:26 (2563 turns).

ytrimaz the Conjurer (Octopode Conjurer)            Turns: 2563, Time: 00:02:27

Health: -2/27      AC:  1    Str:  6    XL:     4   Next: 85%
Magic:  5/9        EV: 13    Int: 22    God:
Gold:   301        SH:  0    Dex: 10    Spells: 5/9 levels left

rFire   . . .        (no weapon)
rCold   + . .        (no shield)
rNeg    . . .        (helmet restricted)
rPois   .            (no amulet)
rElec   .            c - ring of protection from cold
rCorr   .            (no ring)
SInv    .            (no ring)
Will    .....        (no ring)
Stlth   +++          (no ring)
HPRegen 0.24/turn    (no ring)
MPRegen 0.11/turn    (no ring)
                     (no ring)

%: no passive effects
@: no status effects
A: almost no armour, amphibious, 8 rings, camouflage 1, gelatinous body 1,
(nimble swimmer 1), tentacles
a: no special abilities


You were on level 4 of the Dungeon.
You visited 1 branch of the dungeon, and saw 4 of its levels.

You collected 301 gold pieces.


Innate Abilities, Weirdness & Mutations

You cannot wear most types of armour.
You are amphibious.
You can wear up to eight rings at the same time.
Your skin changes colour to match your surroundings (Stealth+).
Your rubbery body absorbs attacks. (AC +1, EV +1)
((You are camouflaged when in or above water. (Stealth+)))
You have tentacles for arms and can constrict up to eight enemies at once.


   Skills:
 - Level 2.0 Dodging
 - Level 2.6 Stealth
 + Level 3.4 Spellcasting
 + Level 5.1 Conjurations


You had 5 spell levels left.
You knew the following spells:

 Your Spells              Type           Power      Damage    Failure   Level
a - Magic Dart            Conj           100%       1d8       1%          1
b - Hailstorm             Conj/Ice       15%        3d6       12%         3

Your spell library contained the following spells:

 Spells                   Type           Power      Damage    Failure   Level
 Searing Ray              Conj           52%        2d6       2%          2
 Summon Small Mammal      Summ           12%        N/A       12%         1
 Call Canine Familiar     Summ           3%         N/A       34%         3
 Summon Ice Beast         Ice/Summ       3%         N/A       34%         3
 Fulminant Prism          Conj/Alch      7%         3d6       38%         4
 Iskenderun's Mystic Bla  Conj/Tloc      15%        2d5       38%         4
 Summon Blazeheart Golem  Fire/Summ      3%         N/A       75%         4
 Permafrost Eruption      Ice/Erth       1%         2x4d2     100%        6
 Sculpt Simulacrum        Ice/Alch       1%         N/A       100%        6
 Haunt                    Necr/Summ      1%         N/A       100%        7
 Orb of Destruction       Conj           13%        9d7       100%        7
 Spellforged Servitor     Conj/Summ      7%         N/A       100%        7
 Borgnjor's Revivificati  Necr           1%         N/A       100%        8
 Death's Door             Necr           1%         N/A       100%        9

Inventory:

Missiles
 g - a throwing net
Jewellery
 c - a ring of protection from cold (left tentacle)
   (You found it on level 1 of the Dungeon)
Scrolls
 d - 5 scrolls of teleportation {unknown}
 h - 2 scrolls of amnesia
 i - a scroll of immolation
 j - a scroll of identify
Potions
 a - 2 potions of magic
 b - 2 potions of mutation {unknown}
 e - 2 potions of lignification {unknown}
 f - a potion of attraction {unknown}

Dungeon Overview and Level Annotations

Branches:
Dungeon (4/15) Zot: 21437
 Temple: D:4-7

Altars:

Annotations:
D:3 3 runed translucent doors, BubbleThief's ghost, amateur TrFi; backslashecho's ghost, amateur FoFi; bearlyready's ghost, amateur MDMo; bronco's ghost, amateur DENe

### .... #######
.....
#.....#######......
#.###.#....@o).?#
#.#...#.#######.#
#.###.#.# #.......#
#####'######
#..........#
#..........#
#..........#
#..........#


You could see an orc.


Message History

Unknown command.
You can't see any susceptible monsters within range! (Use Z to cast anyway.)
You open the door.
There is an open door here.
You open the door.
There is an open door here.
j - a scroll of identify 😎 MP[+3]
Your mp is fully restored (9).
You now have 301 gold pieces (gained 17). 2 orcs come into view.
There are monsters nearby!
Unknown command.
There are monsters nearby!
The magic dart hits the orc.
The orc shouts! x2
An orc comes into view. It is wielding a +0 war axe.
You hear a shout! 😎 MP[-1]
You lost 1 mp, and now have 8/9 mp.
An orc comes into view. It is wielding a +0 hand axe.
The orc moves out of view.
The magic dart hits the orc.
You kill the orc!
The orc shouts! 😎 MP[-1]
You lost 1 mp, and now have 7/9 mp.
The magic dart hits the orc but does no damage. 😎 MP[-1]
You lost 1 mp, and now have 6/9 mp.
The magic dart hits the orc. 😎 MP[-1]
You lost 1 mp, and now have 5/9 mp.
Unknown command.
The magic dart hits the orc.
The orc barely misses you. 😎 MP[-1]
You lost 1 mp, and now have 4/9 mp.
The magic dart hits the orc.
The orc barely misses you. 😎 MP[-1]
You lost 1 mp, and now have 3/9 mp.
Unknown command.
You tentacle-slap the orc but do no damage.
You grab the orc.
You constrict the orc, but do no damage.
The orc hits you with a +0 dagger. 😕 HP[-1]
You take 1 damage, and now have 26/27 hp.
Unknown command.
You tentacle-slap the orc but do no damage.
You constrict the orc.
You kill the orc! 😎 HP[+1] MP[+1]
Your hp is fully restored (27).
You barely miss the orc. Your grab misses the orc.
The orc hits you with a +0 hand axe. 😕 HP[-5]
You take 5 damage, and now have 22/27 hp.
Unknown command.
You tentacle-slap the orc but do no damage.
You grab the orc.
You constrict the orc, but do no damage.
The orc closely misses you.
You tentacle-slap the orc but do no damage.
You constrict the orc, but do no damage.
The orc closely misses you.
Unknown command.
You tentacle-slap the orc. You squeeze the orc, but do no damage.
You constrict the orc.
The orc misses you. 😕 HP[+1] Unknown command.
You tentacle-slap the orc but do no damage.
You constrict the orc.
You kill the orc!
Unknown command.
You tentacle-slap the orc but do no damage.
You grab the orc.
You constrict the orc, but do no damage.
The orc hits you with a +0 war axe!
* * * LOW HITPOINT WARNING * * *
😨 HP[-10]
You take 10 damage, and now have 13/27 hp.
MASSIVE DAMAGE!! (PAUSE)
You tentacle-slap the orc but do no damage.
You constrict the orc, but do no damage.
The orc hits you with a +0 war axe!
* * * LOW HITPOINT WARNING * * *
😱 HP[-11]
You take 11 damage, and now have 2/27 hp.
MASSIVE DAMAGE!! (PAUSE) Unknown command.
You are too injured to fight recklessly!
Unknown command.
Unknown command.
You completely miss the orc.
You constrict the orc, but do no damage.
The orc barely misses you.
Unknown command.
You tentacle-slap the orc but do no damage.
You constrict the orc. The orc hits you with a +0 war axe.
You die...

Skill      XL: |  1  2  3  4 |
---------------+-------------+-----
Spellcasting   | 3 |  3.4
Conjurations   | 5 |  5.1
Dodging        | |  2.0
Stealth        | |  2.6

Action                     |  1- 3 |  4- 6 || total
---------------------------+-------+-------++-------
  Melee: Unarmed           |    30 |    18 ||    48
         Tentacles         |     9 |     3 ||    12
         Constrict         |    11 |     5 ||    16
   Cast: Magic Dart        |    67 |    21 ||    88
         Hailstorm         |     1 |       ||     1
    Use: Scroll            |     3 |       ||     3
 Armour: Skin              |     9 |     9 ||    18
  Dodge: Dodged            |    26 |    12 ||    38

Levels and vault maps discovered:
D:1:      nzn_arrival_crosshair, layout_rooms, amcnicky_mini_corridor_feature,
          minmay_3d_cube
D:2:      layout_basic, chequers_serial_rivers_marsh
D:3:      layout_rooms, gammafunk_ghost_cemetery
D:4:      layout_basic, minmay_temple_entry_large_hall, minivault_1

Notes
Turn   | Place    | Note
-------+----------+-------------------------------------------
     0 | D:1      | ytrimaz the Octopode Conjurer began the quest for the Orb.
     0 | D:1      | Reached XP level 1. HP: 11/11 MP: 3/3
     0 | D:1      | magus.rc [v1.9.6]
    52 | D:1      | You pick up a book of Callings and begin reading...
    52 | D:1      | You add the spells Summon Small Mammal, Call Canine
                  | Familiar and Summon Blazeheart Golem to your library.
   291 | D:1      | Reached XP level 2. HP: 17/17 MP: 1/5
   697 | D:1      | Reached XP level 3. HP: 20/21 MP: 3/6
   983 | D:2      | You pick up a book of the Tundra and begin reading...
   983 | D:2      | You add the spells Hailstorm, Summon Ice Beast, Permafrost
                  | Eruption and Sculpt Simulacrum to your library.
  1098 | D:2      | You pick up a book of Dangerous Friends and begin
                  | reading...
  1098 | D:2      | You add the spells Orb of Destruction and Spellforged
                  | Servitor to your library.
  1263 | D:2      | You add the spells Haunt, Borgnjor's Revivification and
                  | Death's Door to your library.
  1650 | D:2      | Learned a level 3 spell: Hailstorm
  1722 | D:3      | Reached skill level 3 in Spellcasting
  1852 | D:3      | Reached XP level 4. HP: 16/27 MP: 1/8
  1859 | D:3      | HP: 4/27 [gnoll/+0 whip (4)]
  2026 | D:3      | Reached skill level 5 in Conjurations
  2131 | D:3      | Found a runed translucent gate.
  2132 | D:3      | Found a runed translucent gate.
  2133 | D:3      | Found a runed translucent gate.
  2135 | D:3      | Noticed bronco's ghost (amateur DENe)
  2135 | D:3      | Noticed bearlyready's ghost (amateur MDMo)
  2135 | D:3      | Noticed BubbleThief's ghost (amateur TrFi)
  2135 | D:3      | Noticed backslashecho's ghost (amateur FoFi)
  2561 | D:4      | HP: 2/27 [orc/+0 war axe (11)]
  2563 | D:4      | Slain by an orc

Vanquished Creatures
  3 gnolls (D:3)
  An adder (D:4)
  2 ribbon worms (D:2)
  A dart slug (D:1)
  5 orcs
  4 endoplasms
  3 giant cockroaches
  6 goblins
  4 hobgoblins
  6 jackals
  5 kobolds
  2 quokkas
  3 ball pythons
  4 bats (D:1)
  3 rats
52 creatures vanquished.

Table legend:
 A = Non-vault XP
 B = Vault XP
 C = Vault XP percentage of total XP
 D = Non-vault monster count
 E = Vault monster count
 F = Vault count percentage of total count
                 A         B        C        D         E       F
            +---------+---------+-------+---------+---------+-------
      Total |     149 |       4 |   2.6 |      50 |       2 |   3.8
            +---------+---------+-------+---------+---------+-------
        D:1 |      31 |       4 |  11.4 |      17 |       2 |  10.5
        D:2 |      26 |       0 |   0.0 |      11 |       0 |   0.0
        D:3 |      62 |       0 |   0.0 |      13 |       0 |   0.0
        D:4 |      30 |       0 |   0.0 |       9 |       0 |   0.0
            +---------+---------+-------+---------+---------+-------

Skill      XL: |  1  2  3  4 |
---------------+-------------+-----
Spellcasting   | 3 |  3.4
Conjurations   | 5 |  5.1
Dodging        | |  2.0
Stealth        | |  2.6

Action                     |  1- 3 |  4- 6 || total
---------------------------+-------+-------++-------
  Melee: Unarmed           |    30 |    18 ||    48
         Tentacles         |     9 |     3 ||    12
         Constrict         |    11 |     5 ||    16
   Cast: Magic Dart        |    67 |    21 ||    88
         Hailstorm         |     1 |       ||     1
    Use: Scroll            |     3 |       ||     3
 Armour: Skin              |     9 |     9 ||    18
  Dodge: Dodged            |    26 |    12 ||    38

Illustrated notes

Table legend:
 A = Kills in this place as a percentage of kills in the entire game.
 B = Kills by you in this place as a percentage of kills by you in the entire game.
 C = Kills by friends in this place as a percentage of kills by friends in the entire game.
 D = Other kills in this place as a percentage of other kills in the entire game.
 E = Experience gained in this place as a percentage of experience gained in the entire game.
 F = Experience gained in this place divided by the number of levels of this place that you have seen.
                   A       B       C       D       E      F
               +-------+-------+-------+-------+-------+----------------------
         Total | 100.0 | 100.0 |   N/A |   N/A | 100.0 |  38.2
       Dungeon | 100.0 | 100.0 |   N/A |   N/A | 100.0 |  38.2
               +-------+-------+-------+-------+-------+----------------------

Table legend: (Time is in decaauts)
 A = Elapsed time spent in this place.
 B = Non-inter-level travel time spent in this place.
 C = Inter-level travel time spent in this place.
 D = Time resting spent in this place.
 E = Time spent auto-exploring this place.
 F = Levels seen in this place.
 G = Mean time per level.
                   A        B        C        D        E       F      G
               +--------+--------+--------+--------+--------+-----+--------+
         Total |   2561 |   2507 |     54 |    124 |   2110 |   4 |  640.2 |
       Dungeon |   2561 |   2507 |     54 |    124 |   2110 |   4 |  640.2 |
               +--------+--------+--------+--------+--------+-----+--------+

Top non-repeatable levels by time:
     D:2: 946 daAuts
     D:1: 727 daAuts
     D:3: 698 daAuts
     D:4: 189 daAuts
